 Dungeon Crawl Stone Soup version 0.31-a0-1300-gb6740aa4e6 (webtiles) character file.

Game seed: 125775151722421408

2422 Lobster4 the Zephyrmancer (level 9, -2/51 HPs)
             Began as a Tengu Air Elementalist on Dec 18, 2023.
             Was an Initiate of Vehumet.
             Succumbed to a gnoll sergeant's curare-tipped dart
             ... on level 6 of the Dungeon.
             The game lasted 00:22:24 (9420 turns).

Lobster4 the Zephyrmancer (Tengu Air Elementalist)  Turns: 9420, Time: 00:22:25

Health: -2/51      AC:  6    Str: 11    XL:     9   Next: 48%
Magic:  13/16      EV: 16    Int: 17    God:    Vehumet [......]
Gold:   383        SH:  0    Dex: 15    Spells: 7/17 levels left

rFire   . . .        r - +2 dagger (venom)
rCold   + . .        (no shield)
rNeg    . . .        o - +0 leather armour
rPois   .            (helmet restricted)
rElec   .            L - +0 cloak
rCorr   .            f - +0 pair of gloves
SInv    .            (boots unavailable)
Will    .....        (no amulet)
Stlth   ++           t - ring of wizardry
HPRegen 0.28/turn    E - ring of protection from cold
MPRegen 0.15/turn

%: acrobat, wizardry (x1)
@: lethally poisoned (-2 -> -17), flying, slowed, very slow
A: beak, talons 3, evasive flight, acrobatic
a: Renounce Religion


You were on level 6 of the Dungeon.
You worshipped Vehumet.
Vehumet was noncommittal.
You visited 2 branches of the dungeon, and saw 8 of its levels.

You collected 383 gold pieces.

Inventory:

Hand Weapons
 e - a +0 club
 g - a +0 rapier
 r - a +2 dagger of venom (weapon)
 K - a +3 dagger
Missiles
 d - 6 silver javelins
 h - 9 boomerangs
 k - 9 poisoned darts (quivered)
 u - 3 javelins
 G - a throwing net
Armour
 f - a +0 pair of gloves (worn)
 o - a +0 leather armour (worn)
 C - a +1 scale mail of cold resistance
 L - a +0 cloak (worn)
Jewellery
 t - a ring of wizardry (left hand)
 E - a ring of protection from cold (right hand)
Wands
 q - a wand of flame (6)
 y - a wand of light (1)
 B - a wand of charming (7)
 J - a wand of roots (8)
Scrolls
 m - 6 scrolls of teleportation {unknown}
 n - a scroll of amnesia {unknown}
 p - 4 scrolls of fear {unknown}
 v - a scroll of immolation {unknown}
 z - a scroll of blinking
 A - 2 scrolls of enchant weapon {unknown}
 D - a scroll of brand weapon {unknown}
 H - 2 scrolls of poison {unknown}
Potions
 b - 2 potions of magic
 c - 2 potions of attraction {unknown}
 i - 3 potions of curing
 j - 2 potions of berserk rage {unknown}
 l - 2 potions of resistance
 s - a potion of cancellation {unknown}
 w - a potion of might {unknown}
 x - a potion of brilliance {unknown}
 F - a potion of heal wounds {unknown}
 I - a potion of haste {unknown}


   Skills:
 + Level 3.3 Fighting
 - Level 2.0 Short Blades
 + Level 4.6 Armour
 - Level 3.0 Dodging
 - Level 2.0 Stealth
 + Level 4.6 Spellcasting
 + Level 6.2 Conjurations
 + Level 4.3 Summonings
 * Level 9.5 Air Magic
 - Level 3.0 Evocations


You had 7 spell levels left.
You knew the following spells:

 Your Spells              Type           Power      Damage    Failure   Level
a - Shock                 Conj/Air       100%       1d9       1%          1
b - Static Discharge      Conj/Air       60%        3-6/arc   1%          2
c - Airstrike             Air            18%        2d(3-19)  1%          4
s - Swiftness             Air            36%        N/A       1%          3

Your spell library contained the following spells:

 Spells                   Type           Power      Damage    Failure   Level
 Foxfire                  Conj/Fire      56%        2x1d6     2%          1
 Summon Lightning Spire   Summ/Air       27%        N/A       4%          4
 Apportation              Tloc           6%         N/A       8%          1
 Arcjolt                  Conj/Air       15%        1d25      9%          5
 Vhi's Electric Charge    Tloc/Air       40%        N/A       11%         4
 Jinxbite                 Hex            6%         N/A       12%         2
 Animate Armour           Summ/Erth      22%        N/A       30%         4
 Plasma Beam              Fire/Air       10%        2x1d21    82%         6
 Alistair's Intoxication  Tmut/Pois      2%         N/A       88%         5
 Lee's Rapid Deconstruct  Erth           1%         3d4*      88%         5
 Starburst                Conj/Fire      7%         6d4       95%         6


Dungeon Overview and Level Annotations

Branches:
Dungeon (7/15)             Temple (1/1) D:7

Altars:
Ashenzari
Cheibriados
Dithmenos
Elyvilon
Fedhas
Gozag
Hepliaklqana
Kikubaaqudgha
Makhleb
Nemelex Xobeh
Okawaru
Qazlal
Ru
Sif Muna
Trog
Uskayaw
Vehumet
Wu Jian
Xom
Yredelemnul
Zin
The Shining One

Shops:
D:3 *

Annotations:
D:2 Sigmund, Terence
D:3 2 transporters, Ijyb; parrotman's ghost, weakling DENe
D:4 Grinder


Innate Abilities, Weirdness & Mutations

You have a beak for a mouth.
You have claws for feet.
Your magical flight helps you evade attacks. (EV +4)
You can magically evade attacks while moving or waiting.


Message History

Unknown command.
Unknown command.
Aiming: Bolt of Light
Press: ? - help, Shift-Dir - straight line, f - gnoll, p - gnoll sergeant
Aim: a gnoll, wielding a +0 club, quivering stones and carrying a wand of roots (77% to hit)
The bolt of light hits the gnoll!
The gnoll is severely wounded.
The gnoll is blinded.
The gnoll throws a stone.
The stone closely misses you. The grasping roots constrict you.
* * * LOW HITPOINT WARNING * * *
The gnoll sergeant throws a curare-tipped dart.
The curare-tipped dart misses you.
Unknown command.
Aiming: Bolt of Light
Press: ? - help, Shift-Dir - straight line, f/p - gnoll
Aim: a gnoll, wielding a +0 club, quivering stones and carrying a wand of roots (severely wounded, blind, unable to see you, 77% to hit)
The bolt of light hits the gnoll!
You kill the gnoll!
Vehumet accepts your kill.
Aiming: Bolt of Light
Press: ? - help, Shift-Dir - straight line, f - gnoll sergeant
Aim: a gnoll sergeant, wielding a +1 trident of venom, wearing a +0 chain mail and quivering curare-tipped darts (moderately wounded, blind, unable to see you, 84% to hit)
The bolt of light misses the gnoll sergeant.
The gnoll sergeant throws a curare-tipped dart.
The curare-tipped dart closely misses you.
The gnoll sergeant throws a curare-tipped dart.
The curare-tipped dart completely misses you.
The gnoll sergeant is no longer blind.
The gnoll sergeant throws a curare-tipped dart.
The curare-tipped dart hits you.
You are lethally poisoned!
You have difficulty breathing.
* * * LOW HITPOINT WARNING * * *
You feel yourself slow down.
There is a stone staircase leading up here.
* * * LOW HITPOINT WARNING * * *
You feel extremely sick.
You fly upwards.
You die...

#.# #.# #.####..........# #.# #.#
#..P♣♣...#####.## ##.####.#
#....~~~.# #.#
........###.#.~~~~.#####.#
............#.~~~~.......########
.#####...####♣≈~~.P####..........
## #..#......♣P...# #.########. #
#....###..###.#####.# #. # #.#.##
#....@...(.#.# #. # #.)..#
##########.#.# #. #####.#..#
#<....# #. .........# #.#.### #.
)........# #.#.# ########.
#####.##.# #.#.# #.†......
#####.##.# #.#.# #[#######
...##.##.# #.#.# #.# ##.##.##.#
#.#.###.#


There were no monsters in sight!

Vanquished Creatures
  Eustachio (D:5)
  Menkaure (D:6)
  A water moccasin (D:5)
  An orc warrior (D:6)
  3 ogres
  An ice beast (D:6)
  A centaur (D:7)
  A phantom (D:5)
  A bullfrog (D:6)
  A kobold brigand (D:7)
  A gnoll sergeant (D:6)
  2 scorpions (D:6)
  6 killer bees (D:7)
  A howler monkey (D:4)
  4 hounds
  2 quasits (D:6)
  3 orc priests
  Jessica (D:3)
  5 iguanas
  A sleepcap (D:5)
  3 orc wizards
  11 gnolls
  4 adders
  2 shadow imps (D:6)
  4 white imps (D:6)
  4 ufetubi (D:6)
  3 worms
  2 dart slugs
  25 orcs
  4 bats
  7 endoplasms
  7 giant cockroaches
  7 goblins
  4 hobgoblins
  3 jackals (D:2)
  12 kobolds
  3 quokkas
  5 ball pythons
  3 frilled lizards
  4 rats
155 creatures vanquished.

Vanquished Creatures (others)
  A human (D:4)
1 creature vanquished.

Grand Total: 156 creatures vanquished

Notes
Turn   | Place    | Note
-------+----------+-------------------------------------------
     0 | D:1      | Lobster4 the Tengu Air Elementalist began the quest for the
                  | Orb.
     0 | D:1      | Reached XP level 1. HP: 10/10 MP: 4/4
   335 | D:1      | Found a faded altar of an unknown god.
   348 | D:1      | Reached XP level 2. HP: 16/16 MP: 3/6
   351 | D:1      | Learned a level 2 spell: Static Discharge
   595 | D:1      | You fall into a shaft and drop 1 floor!
  1306 | D:2      | Noticed Sigmund
  1458 | D:2      | Reached XP level 3. HP: 20/20 MP: 5/7
  1819 | D:2      | Reached skill level 1 in Fighting
  2062 | D:2      | Noticed Terence
  2099 | D:1      | Learned a level 3 spell: Swiftness
  2210 | D:3      | Noticed Ijyb
  2512 | D:3      | Noticed Jessica
  2514 | D:3      | Killed Jessica
  2515 | D:3      | Reached skill level 1 in Armour
  2515 | D:3      | Reached XP level 4. HP: 25/25 MP: 5/8
  2613 | D:3      | Noticed parrotman's ghost (weakling DENe)
  2659 | D:3      | Found a transporter.
  2668 | D:3      | Found a transporter.
  2759 | D:3      | Reached skill level 1 in Short Blades
  2759 | D:3      | Reached skill level 5 in Air Magic
  3091 | D:3      | Found Deter's Assorted Antiques.
  3499 | D:3      | Reached XP level 5. HP: 18/29 MP: 1/9
  3768 | D:4      | Found a burning altar of Makhleb.
  3768 | D:4      | Found a glowing silver altar of Zin.
  3769 | D:4      | Noticed an angel
  3769 | D:4      | Noticed an Executioner
  4285 | D:4      | Reached XP level 6. HP: 27/35 MP: 10/10
  4474 | D:4      | Found an ancient bone altar of Kikubaaqudgha.
  4478 | D:4      | Noticed a human
  4481 | D:4      | Killed a human
  4670 | D:4      | Reached skill level 1 in Evocations
  4842 | D:4      | Noticed a sky beast
  4844 | D:4      | Reached skill level 6 in Air Magic
  4862 | D:3      | Learned a level 4 spell: Airstrike
  5001 | D:4      | Noticed Grinder
  5407 | D:5      | Entered Level 5 of the Dungeon
  5492 | D:4      | Gained mutation: Your magical flight helps you evade
                  | attacks. (EV +4) [Tengu growth]
  5492 | D:4      | Reached XP level 7. HP: 40/40 MP: 8/12
  5882 | D:5      | Noticed Eustachio
  5890 | D:5      | Killed Eustachio
  5891 | D:5      | Reached skill level 1 in Summonings
  6075 | D:5      | Reached skill level 7 in Air Magic
  6075 | D:5      | Reached XP level 8. HP: 23/45 MP: 1/14
  6887 | D:6      | Noticed Menkaure
  6899 | D:6      | Killed Menkaure
  7334 | D:6      | Reached skill level 5 in Conjurations
  7334 | D:6      | Reached skill level 8 in Air Magic
  7888 | D:6      | Reached XP level 9. HP: 28/50 MP: 6/16
  8410 | D:6      | Reached skill level 9 in Air Magic
  9320 | D:7      | Found a staircase to the Ecumenical Temple.
  9329 | Temple   | Found a transporter.
  9329 | Temple   | Found a transporter.
  9329 | Temple   | Found a transporter.
  9329 | Temple   | Found a transporter.
  9329 | Temple   | Entered the Ecumenical Temple
  9343 | Temple   | Became a worshipper of Vehumet
  9420 | D:6      | Succumbed to a gnoll sergeant's curare-tipped dart

Illustrated notes

Levels and vault maps discovered:
D:1:      scummos_arrival_hexagon, layout_basic,
          chequers_ecumenical_altar_simple_redux
D:2:      layout_loops_ring, serial_rivers, chequers_serial_rivers_micro_c,
          chequers_serial_rivers_marsh, chequers_serial_rivers_small_b,
          chequers_serial_rivers_large_a, chequers_serial_rivers_room_b,
          minmay_misc_feat_doors, minivault_4, grunt_decor_fettered, uniq_robin,
          uniq_terence, uniq_sigmund, uniq_natasha
D:3:      layout_loops_ring, serial_shops, shop, gammafunk_ghost_gnarly_gnolls,
          uniq_ijyb, uniq_jessica
D:4:      layout_basic, tgw_kikubaaqudgha,
          grunt_temple_overflow_order_and_chaos_2,
          corexii_item_surrounded_by_moat, kennysheep_orc_chapel, uniq_grinder
D:5:      layout_gridville, uniq_eustachio
D:6:      layout_loops_ring, serial_demonic, serial_demonic_a, serial_demonic_c,
          serial_demonic_f, serial_demonic_f, serial_demonic_e,
          serial_demonic_c, uniq_menkaure
D:7:      layout_basic, minmay_temple_entry_poolview,
          hangedman_decor_clover_reticule
Temple:   hellmonk_temple_divided_pantheon

Skill      XL: |  1  2  3  4  5  6  7  8  9 |
---------------+----------------------------+-----
Fighting       | 1 2 3 |  3.3
Conjurations   | 2 3 4 5 6 |  6.2
Armour         | 1 2 3 4 |  4.6
Short Blades   | 1 2 |  2.0
Air Magic      | 5 6 7 8 9 |  9.5
Dodging        | 3 |  3.0
Evocations     | 1 2 3 |  3.0
Spellcasting   | 3 4 |  4.6
Summonings     | 1 3 4 |  4.3
Stealth        | |  2.0

Action                     |  1- 3 |  4- 6 |  7- 9 || total
---------------------------+-------+-------+-------++-------
  Melee: Rapier            |    13 |       |       ||    13
         Peck              |     2 |     1 |     2 ||     5
         Kick              |     1 |     2 |     2 ||     5
         Dagger            |       |     7 |    10 ||    17
         Punch             |       |       |     1 ||     1
   Cast: Shock             |    69 |   131 |   176 ||   376
         Static Discharge  |       |       |    46 ||    46
  Evoke: Wand              |       |     7 |    14 ||    21
    Use: Scroll            |     3 |       |       ||     3
         Potion            |       |     1 |       ||     1
   Stab: Sleeping          |     2 |       |       ||     2
 Armour: Robe              |     8 |     7 |       ||    15
         Leather armour    |       |     2 |    87 ||    89
  Dodge: Dodged            |    16 |    20 |    78 ||   114

Table legend: (Time is in decaauts)
 A = Elapsed time spent in this place.
 B = Non-inter-level travel time spent in this place.
 C = Inter-level travel time spent in this place.
 D = Time resting spent in this place.
 E = Time spent auto-exploring this place.
 F = Levels seen in this place.
 G = Mean time per level.
                   A        B        C        D        E       F      G
               +--------+--------+--------+--------+--------+-----+--------+
         Total |   9442 |   9010 |    432 |   1289 |   6150 |   8 | 1180.2 |
       Dungeon |   9410 |   8981 |    429 |   1289 |   6150 |   7 | 1344.3 |
        Temple |     32 |     29 |      3 |      0 |      0 |   1 |   32.0 |
               +--------+--------+--------+--------+--------+-----+--------+

Top non-repeatable levels by time:
     D:4: 1781 daAuts
     D:5: 1486 daAuts
     D:3: 1480 daAuts
     D:6: 1469 daAuts
     D:1: 1432 daAuts
     D:7: 985 daAuts
     D:2: 774 daAuts
  Temple: 32 daAuts
